Match 42077838
Unlisted

Match 42077838
End
Vickers Machine Gun Team
Construct Section Command Post
Selects Indian Artillery Battlegroup
Selects Indian Artillery Battlegroup
Infantry Section
Infantry Section
Dingo Light Scout Car
Construct Platoon Command Post
Selects Towed ML 4.2-inch Heavy Mortar
Towed ML 4.2-inch Heavy Mortar
Royal Engineer Section
Selects Off-map Airburst Barrage
Infantry Section
Construct Field Infirmary
Vickers Machine Gun Team
Construct Company Command Post
Selects BL5.5 Artillery Emplacement
Royal Engineer Section
Matilda II Heavy Tank
incel_incinerat0r
Рачок-добрячок
Catador de Papel e Latinha
Filho do Brasil
0
0

Comments sign in to comment!

No comments posted yet!